 Dungeon Crawl Stone Soup version 0.25-a0-341-g6f074c887a (webtiles) character file.

Game seed: 5274590101884354142, levelgen mode: deterministic

6220 Lanoc the Zephyrmancer (level 10, -2/50 HPs)
             Began as a Tengu Air Elementalist on Dec 30, 2019.
             Was a Priest of Ashenzari.
             Shot with an arrow by a centaur (11 damage)
             ... on level 9 of the Dungeon.
             The game lasted 00:27:22 (11104 turns).

Lanoc the Zephyrmancer (Tengu Air Elementalist)    Turns: 11104, Time: 00:27:23

Health: -2/50      AC:  6    Str:  9    XL:     10   Next: 92%
Magic:  6/14       EV: 19    Int: 24    God:    Ashenzari [***...]
Gold:   522        SH:  4    Dex: 11    Spells: 3/13 levels left

rFire    . . .     SeeInvis +   x - +11 dagger "Jarestu" {freeze, rC+ Int+6 Dex-4} (curse)
rCold    + . .     Gourm    .   u - +0 buckler (curse)
rNeg     . . .     Faith    +   j - +0 robe
rPois    .         Spirit   .   m - +2 hat (curse)
rElec    .         Reflect  .   (no cloak)
rCorr    .         Harm     .   v - +1 pair of gloves (curse)
MR       .....                  (boots unavailable)
Stlth    ++........             p - amulet of faith (curse)
HPRegen  0.16/turn              A - ring of wizardry
MPRegen  0.14/turn              f - ring of wizardry

@: flying quickly and evasively, quick
A: beak, talons 3, able to fly
a: Stop Flying, Curse Item, Scrying, Renounce Religion


You were on level 9 of the Dungeon.
You worshipped Ashenzari.
Ashenzari was most pleased with you.
You were hungry.

You visited 2 branches of the dungeon, and saw 10 of its levels.

You collected 522 gold pieces.

Inventory:

Hand Weapons
 x - the cursed +11 dagger "Jarestu" (weapon) {freeze, rC+ Int+6 Dex-4}
   (You found it on level 5 of the Dungeon)

   It has been specially enchanted to freeze those struck by it, causing extra
   injury to most foes and up to half again as much damage against particularly
   susceptible opponents.
   It can also slow down cold-blooded creatures.
   It affects your intelligence (+6).
   It affects your dexterity (-4).
   It protects you from cold.
   It has a curse placed upon it.
Missiles
 y - 5 throwing nets (quivered)
Armour
 j - a +0 robe (worn)
 m - a cursed +2 hat (worn)
 u - a cursed +0 buckler (worn)
 v - a cursed +1 pair of gloves (worn)
Jewellery
 f - a ring of wizardry (right hand)
 p - a cursed amulet of faith (around neck)
 A - a ring of wizardry (left hand)
Wands
 e - a wand of paralysis (9)
 z - a wand of random effects (10)
 G - a wand of iceblast (9)
Scrolls
 g - a scroll of enchant armour
 h - 2 scrolls of blinking {unknown}
 i - a scroll of fear {unknown}
 k - 2 scrolls of immolation
 l - 2 scrolls of enchant weapon {unknown}
 n - 2 scrolls of teleportation
 q - 3 scrolls of amnesia {unknown}
 t - a scroll of fog
 E - a scroll of remove curse
Potions
 a - a potion of mutation
 b - 4 potions of curing
 d - 3 potions of heal wounds
 o - a potion of magic
 r - a potion of might
 w - 2 potions of agility
 C - a potion of lignification
Comestibles
 c - 20 rations


   Skills:
 + Level 5.0(7.8) Short Blades
 + Level 8.3 Dodging
 - Level 2.0 Stealth
 - Level 2.7(4.3) Shields
 - Level 2.0 Spellcasting
 + Level 10.9 Conjurations
 * Level 13.4 Air Magic


You had 3 spell levels left.
You knew the following spells:

 Your Spells              Type           Power        Failure   Level  Hunger
a - Shock                 Conj/Air       ####         1%          1    #......
b - Static Discharge      Conj/Air       ######..     1%          3    ###....
c - Airstrike             Air            ######....   1%          4    #####..
d - Swiftness             Chrm/Air       ####....     1%          2    ##.....

Your spell library contained the following spells:

 Spells                   Type           Power        Failure   Level  Hunger
 Animate Skeleton         Necr           N/A          3%          1    #......
 Apportation              Tloc           #.....       3%          1    #......
 Confusing Touch          Hex            #.....       3%          1    #......
 Summon Small Mammal      Summ           #...         3%          1    #......
 Lightning Bolt           Conj/Air       ######....   1%          5    ######.


Dungeon Overview and Level Annotations

Branches:
Dungeon (9/15)             Temple (1/1) D:6             Orc (0/2) D:9
   Lair: D:8-11

Altars:
Ashenzari
Cheibriados
Dithmenos
Elyvilon
Fedhas
Gozag
Hepliaklqana
Kikubaaqudgha
Makhleb
Nemelex Xobeh
Okawaru
Qazlal
Ru
Sif Muna
Trog
Uskayaw
Wu Jian
Xom
Yredelemnul
Zin
The Shining One

Annotations:
D:3 3 runed translucent doors, Borgoz's ghost, amateur GrBe
D:6 Duvessa
D:7 Harold
Abyss:1 Natasha


Innate Abilities, Weirdness & Mutations

You have a beak for a mouth.
You have claws for feet.
You can fly continuously.


Message History

The phantom barely misses you.
A hound comes into view.
A troll comes into view.
There is an open door here.
The phantom blinks!
The phantom blinks!
The phantom blinks!
The centaur shoots an arrow.
The arrow barely misses you.
The phantom blinks!
You barely miss the phantom.
The centaur shoots an arrow.
The arrow hits you!
You hit the phantom but do no damage. You peck the phantom, but do no damage.
The phantom hits you!
The phantom blinks!
The centaur shoots an arrow.
The arrow hits you.
You see here an arrow.
The centaur shoots an arrow.
The arrow hits you!
* * * LOW HITPOINT WARNING * * *
The phantom misses you.
You see here an arrow.
The phantom blinks!
The centaur shoots an arrow.
The arrow hits you!
You die...

,* #. * * ##T'.. ,, #.
, , ,,#..'.. * , ,
#.## , ,, #c. , +..##
**, ,###.. * ,#...#{,*
, #.#.. * #...##, *,
##.#.. ,#....## *
##..### >#.)...##{*
##.....# ,
#.@(Y..##∆##......# *
,#...§c..###.......' ,
,
,,#........(...)....#
, ,, ,
#.......(.........# ,
, ,#...............(.#
, ,
,..'.....(...........'
, ,
..#...W#########....#
,...#....# * ###### ,
, ..,#....# 8 o.8#


You could see a yak, a phantom and a centaur.

Vanquished Creatures
  A two-headed ogre (D:8)
  A troll (D:8)
  A hippogriff (D:8)
  A spriggan (D:8)
  A yak (D:9)
  2 porcupines (D:9)
  A hornet zombie (D:5)
  2 black bears
  4 orc warriors
  A sky beast (D:7)
  An ice beast (D:7)
  2 phantoms
  6 ogres
  3 centaurs
  5 big kobolds
  6 bullfrogs
  6 gnoll sergeants
  3 scorpions (D:8)
  Dowan (D:7)
  3 killer bees (D:8)
  4 crimson imps
  2 centaur skeletons
  A centaur zombie (D:8)
  2 quasits
  3 orc priests
  4 gnoll shamans (D:6)
  8 hounds
  2 orc wizards
  A bullfrog skeleton (D:5)
  3 iguanas (D:6)
  Terence (D:3)
  3 worker ants
  A killer bee zombie (D:9)
  A hound skeleton (D:8)
  33 gnolls
  8 adders
  2 shadow imps
  An ooze (D:5)
  An adder zombie (D:7)
  4 adder skeletons
  2 worms
  4 dart slugs
  A leopard gecko (D:5)
  22 orcs
  6 giant cockroaches
  5 goblins
  5 hobgoblins
  18 jackals
  12 kobolds
  7 quokkas
  3 ball pythons
  3 bats
  3 frilled lizards
  A jackal skeleton (D:4)
  A leopard gecko skeleton (D:6)
  A leopard gecko zombie (D:5)
  5 rats
235 creatures vanquished.

Vanquished Creatures (others)
  2 fungi (D:9)
  A plant (D:9)
3 creatures vanquished.

Grand Total: 238 creatures vanquished

Notes
Turn   | Place    | Note
-------+----------+-------------------------------------------
     0 | D:1      | Lanoc the Tengu Air Elementalist began the quest for the
                  | Orb.
     0 | D:1      | Reached XP level 1. HP: 10/10 MP: 4/4
   214 | D:1      | Reached XP level 2. HP: 15/15 MP: 3/6
   594 | D:1      | Reached XP level 3. HP: 19/19 MP: 5/7
   721 | D:2      | Found a burning altar of Makhleb.
   845 | D:2      | Noticed Natasha
   848 | D:2      | Banished Natasha
   848 | D:2      | Reached skill level 5 in Air Magic
   899 | D:2      | Found a blossoming altar of Fedhas.
   927 | D:2      | Reached XP level 4. HP: 24/24 MP: 5/8
   962 | D:2      | Found a shattered altar of Ashenzari.
   973 | D:2      | Became a worshipper of Ashenzari the Shackled
  1409 | D:2      | Found a bloodstained altar of Trog.
  1409 | D:2      | Found a shimmering altar of Xom.
  1446 | D:1      | HP: 1/24 [gnoll/+0 whip (7)]
  1902 | D:2      | Found a glowing golden altar of the Shining One.
  1902 | D:2      | Found a glowing golden altar of the Shining One.
  1902 | D:2      | Found a bloodstained altar of Trog.
  1961 | D:3      | Gained mutation: You can fly continuously. [Tengu growth]
  1961 | D:3      | Reached XP level 5. HP: 28/28 MP: 5/9
  2035 | D:3      | Noticed a two-headed ogre
  2328 | D:3      | Found a runed translucent gate.
  2328 | D:3      | Found a runed translucent gate.
  2328 | D:3      | Found a runed translucent gate.
  2329 | D:3      | Noticed Borgoz's ghost (amateur GrBe)
  2404 | D:3      | Noticed Terence
  2438 | D:3      | Learned a level 3 spell: Static Discharge
  2443 | D:3      | Learned a level 4 spell: Airstrike
  2637 | D:3      | Killed Terence
  2733 | D:3      | Found a snail-covered altar of Cheibriados.
  2778 | D:3      | Reached skill level 6 in Air Magic
  2889 | D:4      | Found a bloodstained altar of Trog.
  2974 | D:4      | Reached * piety under Ashenzari
  3171 | D:4      | Found a basalt altar of Yredelemnul.
  3232 | D:4      | Found a blossoming altar of Fedhas.
  3234 | D:4      | Found an ancient bone altar of Kikubaaqudgha.
  3415 | D:5      | Entered Level 5 of the Dungeon
  3423 | D:5      | Noticed a centaur
  3435 | D:4      | Reached XP level 6. HP: 32/32 MP: 2/10
  3583 | D:5      | Got the dagger "Jarestu" {freeze, rC+ Int+6 Dex-4}
  3584 | D:5      | Identified the +11 dagger "Jarestu" {freeze, rC+ Int+6
                  | Dex-4} (You found it on level 5 of the Dungeon)
  3955 | D:5      | Reached skill level 5 in Conjurations
  4010 | D:5      | Reached skill level 7 in Air Magic
  4098 | D:5      | Reached XP level 7. HP: 31/36 MP: 6/11
  4177 | D:5      | Found a hide-covered altar of Uskayaw.
  4357 | D:5      | Found an opulent altar of Gozag.
  4492 | D:6      | Reached skill level 8 in Air Magic
  4594 | D:5      | Reached XP level 8. HP: 9/41 MP: 5/12
  4925 | D:5      | Reached skill level 5 in Dodging
  4925 | D:5      | Reached skill level 9 in Air Magic
  5065 | D:6      | Reached ** piety under Ashenzari
  5093 | D:5      | Learned a level 2 spell: Swiftness
  5484 | D:6      | HP: 2/41 [gnoll/+3 spear (5)]
  5869 | D:6      | Found a hazy altar of Hepliaklqana.
  6189 | D:6      | Reached skill level 10 in Air Magic
  6406 | D:6      | Reached XP level 9. HP: 33/45 MP: 1/13
  6491 | D:6      | Reached skill level 1 in Shields
  6711 | D:6      | Found a staircase to the Ecumenical Temple.
  6719 | Temple   | Entered the Ecumenical Temple
  7259 | D:7      | Reached skill level 11 in Air Magic
  7318 | D:7      | Reached skill level 1 in Short Blades
  7620 | D:7      | Noticed Harold
  7700 | D:7      | Noticed Duvessa
  7701 | D:7      | Noticed Dowan
  7986 | D:7      | Killed Dowan
  8826 | D:8      | Reached *** piety under Ashenzari
  8880 | D:8      | Reached XP level 10. HP: 50/50 MP: 1/14
  8985 | D:8      | Noticed a two-headed ogre
  9022 | D:8      | Killed a two-headed ogre
  9022 | D:8      | Reached skill level 10 in Conjurations
  9022 | D:8      | Reached skill level 12 in Air Magic
  9929 | D:9      | Found a staircase to the Orcish Mines.
  9962 | D:8      | Reached skill level 13 in Air Magic
 11079 | D:9      | Reached skill level 5 in Short Blades
 11104 | D:9      | Shot with an arrow by a centaur

Levels and vault maps discovered:
D:1:      doesnt_arrival_eight_statues, layout_loops_ring
D:2:      layout_loops_ring, doesnt_xom_only_xom, evilmike_ruin_ashenzari,
          old_standard_altar, ebering_dispersal_statue_hall, uniq_natasha
D:3:      layout_loops_corners, nicolae_overflow_hidden_temple,
          gammafunk_ghost_necromancy, first_ration, uniq_terence
D:4:      layout_gridville, grunt_temple_overflow_growth_and_decay,
          kennysheep_little_box, lightli_temple_of_fire
D:5:      layout_cave_pools, eat_drink_and_be_merry_uskayaw, grunt_gozag_statues
D:6:      layout_cave_pools, lemuel_doored_altar,
          minmay_temple_entry_butterflies, serial_gnoll_camp,
          gnoll_camp_huts_basic, gnoll_camp_mini_doghouse,
          gnoll_camp_mini_basic, gnoll_camp_medium_02, gnoll_camp_mini_basic,
          gnoll_camp_mini_hut, serial_bayou_pond_c,
          minmay_fractal_squares_diagonal_5
D:7:      layout_basic, minmay_between, uniq_harold, uniq_duvessa
D:8:      layout_loops_ring, grunt_pizzeria, kennysheep_decorative_pillar
D:9:      layout_irregular_city, vehumet_crystals,
          grunt_lair_entry_orc_guard_hut,
          kennysheep_orc_monster_closet_entryway, gammafunk_ghost_nasty_kobolds,
          serial_bayou_pond_d, kennysheep_kite_vault
Temple:   cyrus_temple_forest

Skill      XL: |  1  2  3  4  5  6  7  8  9 10 |
---------------+-------------------------------+-----
Conjurations   | 2 3 4 5 7 8 9 10 | 10.9
Air Magic      | 5 6 7 8 10 11 13 | 13.4
Dodging        | 3 4 5 7 8 |  8.3
Shields        | 2 |  2.7
Short Blades   | 2 5 |  5.0
Stealth        | |  2.0
Spellcasting   | |  2.0

Action                   |  1- 3 |  4- 6 |  7- 9 | 10-12 || total
-------------------------+-------+-------+-------+-------++-------
Melee: Unarmed           |     3 |       |       |       ||     3
       Peck              |     1 |     5 |    19 |    14 ||    39
       Kick              |     1 |     5 |    23 |    19 ||    48
       Spear             |    16 |    29 |       |       ||    45
       Dagger            |       |     4 |   203 |   119 ||   326
 Cast: Shock             |    49 |    50 |    15 |     7 ||   121
       Airstrike         |       |    18 |    67 |    39 ||   124
       Static Discharge  |       |       |     6 |     9 ||    15
Invok: Curse Item        |       |     1 |     3 |       ||     4
 Abil: Fly               |       |     1 |       |       ||     1
  Use: Scroll            |       |       |    12 |     4 ||    16
       Potion            |       |       |     2 |       ||     2
 Stab: Sleeping          |     2 |     1 |     2 |       ||     5
  Eat: Chunk             |       |    15 |    29 |    11 ||    55
       Ration            |       |       |       |     1 ||     1
Armor: Robe              |       |     7 |    46 |    11 ||    64
Dodge: Dodged            |    10 |    36 |   222 |    91 ||   359
Block: Buckler           |       |       |    15 |    31 ||    46

Table legend:
 A = Non-vault XP
 B = Vault XP
 C = Vault XP percentage of total XP
 D = Non-vault monster count
 E = Vault monster count
 F = Vault count percentage of total count
                 A         B        C        D         E       F
            +---------+---------+-------+---------+---------+-------
      Total |    5115 |    3771 |  42.4 |     152 |      84 |  35.6
            +---------+---------+-------+---------+---------+-------
        D:1 |      50 |       0 |   0.0 |      17 |       0 |   0.0
        D:2 |      60 |      21 |  25.9 |      19 |       1 |   5.0
        D:3 |      72 |      36 |  33.3 |      14 |       1 |   6.7
        D:4 |      83 |       0 |   0.0 |       8 |       0 |   0.0
        D:5 |     731 |     196 |  21.1 |      16 |       4 |  20.0
        D:6 |     207 |    1398 |  87.1 |       8 |      50 |  86.2
        D:7 |    1229 |     167 |  12.0 |      26 |       6 |  18.8
        D:8 |    2355 |     897 |  27.6 |      36 |       6 |  14.3
        D:9 |     328 |    1056 |  76.3 |       8 |      16 |  66.7
            +---------+---------+-------+---------+---------+-------
